[Event "Tournoi Ouvert de Gatineau (C)"]
[Site "Gatineau"]
[Date "2015.03.??"]
[Round "3"]
[White "Sabourin, Yves"]
[Black "Légaré, Gilles"]
[Result "1-0"]
[BlackElo "1104"]
[ECO "B22"]
[TimeControl "1500"]
[WhiteElo "1447"]

{ 512MB, Rybka3.ctg, Valo-PC } 1.e4 c5 2.c3 e5 3.d4 cxd4 4.cxd4 exd4 5.Qxd4
Nc6 6.Qe3 Qb6 7.Qxb6 axb6 8.a3 Bc5 9.Bd2 Nf6 10.Bd3 Ne5 11.Bc2 O-O 12.b4 Bd6
13.f4 Nc4 14.e5 Re8 15.Ne2 Nxe5 16.fxe5 Bxe5 17.Bc3 Bc7 18.Bxf6 gxf6 19.Nc3
Be5 20.O-O d6 21.b5 Kh8 22.a4 Rg8 23.Rad1 Bg4 24.Rde1 Bh3 25.Be4 f5 26.Bf3 f4
27.Kh1 Be6 28.Bxb7 Rab8 29.Bd5 Rg5 30.Bxe6 fxe6 31.Ne4 Rg6 32.Nxf4 Rh6 33.Ng5
Kg7 34.Ngxe6+ Kh8 35.Rc1 Rg8 36.Rc4 Rf6 37.g3 d5 38.Rc6 d4 39.Re1 Rf5 40.Rxb6
h5 41.Rc6 h4 42.g4 Rxg4 43.Rc8+ Kh7 44.Nf8+ Kg7 45.Nh5+ Kh6 46.Nd7 Bxh2
47.Rh8+ Kg6 48.Rg8+ Kxh5 49.Rxg4 Rf2 50.Rg2 d3 51.Rxf2 Bg3 52.Rf5+ Kg4
53.Rg5+ Kh3 54.Rd1 Bf2 55.Rxd3+ 1-0

[Event "Tournoi Ouvert de Gatineau (C)"]
[Site "Gatineau"]
[Date "2015.03.07"]
[Round "3"]
[White "St-Pierre, Paul"]
[Black "Sabourin, Sébastien"]
[Result "1-0"]
[BlackElo "1353"]
[ECO "D43"]
[EventDate "2015.??.??"]
[TimeControl "1500"]
[WhiteElo "1577"]

{ 512MB, Rybka3.ctg, Valo-PC } 1.d4 d5 2.c4 c6 3.Nf3 Nf6 4.Nc3 e6 5.Bg5 h6
6.Bh4 Be7 7.e3 Nbd7 8.Bd3 dxc4 9.Bxc4 Nb6 10.Bb3 Nbd5 11.Rc1 O-O 12.O-O Qc7
13.Ne5 a5 14.f3 Nxe3 15.Qd3 Nxf1 16.Rxf1 Rd8 17.Bc2 Kf8 18.Bg3 Bd6 19.Ne4
Nxe4 20.fxe4 Bxe5 21.Bxe5 Qe7 22.Qg3 Qg5 23.Qf3 f6 24.Bf4 Qg6 25.Qc3 Kg8
26.Rf3 Qf7 27.Rg3 Kh8 28.Qe3 g5 29.Bxg5 fxg5 30.Rf3 Qg7 31.e5 Bd7 32.Rf6 Rf8
33.Qh3 Rf7 34.Rxh6+ Kg8 35.Rg6 Rf5 36.Rxg7+ Kxg7 37.Bxf5 exf5 38.Qh5 g4
39.Qg5+ Kf8 40.Qf6+ Kg8 41.e6 1-0

[Event "Tournoi Ouvert de Gatineau (C)"]
[Site "Gatineau"]
[Date "2015.03.??"]
[Round "4"]
[White "Sabourin, Yves"]
[Black "Ménard, Marc"]
[Result "0-1"]
[BlackElo "1467"]
[ECO "C50"]
[EventDate "2015.??.??"]
[TimeControl "1500"]
[WhiteElo "1447"]

{ 512MB, Rybka3.ctg, Valo-PC } 1.e4 e5 2.Nf3 Nc6 3.Bc4 Nf6 4.O-O Bc5 5.Nc3
O-O 6.a3 a5 7.d3 b6 8.Bb5 Re8 9.Bxc6 dxc6 10.Bg5 Ba6 11.Na2 h6 12.Bh4 b5
13.b4 Bb6 14.Re1 c5 15.bxc5 Bxc5 16.Nc3 g5 17.Bg3 Bd4 18.Nxd4 Qxd4 19.Qd2 Nh5
20.Nd5 Ra7 21.Qxa5 Qc5 22.Qc3 Qxc3 23.Nxc3 Nxg3 24.hxg3 c6 25.Reb1 Rea8
26.Ra2 Bc8 27.a4 Be6 28.Ra3 g4 29.Rb4 h5 30.f3 f6 31.Kf2 Kg7 32.f4 Kh6 33.d4
Bc4 34.Ke3 Bf1 35.d5 c5 36.Rb1 b4 37.Raa1 Bxg2 38.Nb5 Rxa4 39.Rxa4 Rxa4 40.d6
Ra8 41.d7 Rd8 42.Rd1 c4 43.Na7 b3 44.Nc6 bxc2 45.Rc1 Rxd7 46.Rxc2 Rd3+ 47.Kf2
Bxe4 48.Rxc4 Bxc6 49.Rxc6 Rf3+ 50.Kg2 exf4 51.Rxf6+ Kg5 52.Rf8 Rxg3+ 53.Kf2
Rf3+ 54.Kg2 Ra3 55.Rg8+ Kh4 56.Rb8 f3+ 0-1

[Event "Tournoi Ouvert de Gatineau (C)"]
[Site "Gatineau"]
[Date "2015.03.??"]
[Round "4"]
[White "Lemieux, Serge"]
[Black "St-Pierre, Paul"]
[Result "1/2-1/2"]
[BlackElo "1447"]
[ECO "D00"]
[EventDate "2015.??.??"]
[TimeControl "1500"]
[WhiteElo "1545"]

{ 512MB, Rybka3.ctg, Valo-PC } 1.d4 d5 2.e3 Nf6 3.Bd3 e6 4.Nd2 b6 5.f4 Ba6
6.Ngf3 Bxd3 7.cxd3 Nfd7 8.a3 c5 9.O-O Nc6 10.Ne5 Ncxe5 11.dxe5 Qc7 12.d4 Be7
13.Nf3 h6 14.Bd2 O-O 15.Rc1 Qb7 16.Be1 cxd4 17.exd4 Rac8 18.Bc3 b5 19.b4 Nb6
20.Nd2 Na4 21.Rf3 f6 22.Nb3 Nxc3 23.Rfxc3 Rxc3 24.Rxc3 fxe5 25.fxe5 Qb6
26.Nc5 Bxc5 27.Rxc5 Qb7 28.Qe2 a6 29.g3 Qf7 30.Kg2 Qf5 31.Rc3 g5 32.Rf3 Qxf3+
33.Qxf3 Rxf3 34.Kxf3 h5 1/2-1/2

[Event "Tournoi Ouvert de Gatineau (C)"]
[Site "Gatineau"]
[Date "2015.03.??"]
[Round "4"]
[White "Latreille, Étienne"]
[Black "Poirier, Alexis"]
[Result "1-0"]
[BlackElo "1536"]
[ECO "B23"]
[EventDate "2015.??.??"]
[TimeControl "1500"]
[WhiteElo "1365"]

{ 512MB, Rybka3.ctg, Valo-PC } 1.e4 c5 2.Nc3 a6 3.Bc4 e6 4.f4 b5 5.Be2 Nc6
6.d3 d5 7.Bf3 d4 8.Nce2 Bb7 9.Nh3 Nf6 10.O-O h5 11.Nf2 Qc7 12.e5 Nd5 13.Ne4
Nde7 14.Nd6+ Kd7 15.Nxf7 Rh7 16.Ng3 g6 17.Nd6 Nf5 18.Nge4 Be7 19.Nxc5+ Kd8
1-0

[Event "Tournoi Ouvert de Gatineau (C)"]
[Site "Gatineau"]
[Date "2015.03.??"]
[Round "4"]
[White "Gangolli, Rahul"]
[Black "Masse-Garneau, Anthony"]
[Result "0-1"]
[BlackElo "1115"]
[ECO "D04"]
[EventDate "2015.??.??"]
[TimeControl "1500"]
[WhiteElo "973"]

{ 512MB, Rybka3.ctg, Valo-PC } 1.d4 d5 2.Nf3 Nf6 3.e3 Bg4 4.Nbd2 e6 5.Bd3 a6
6.O-O Bd6 7.Re1 Nc6 8.c3 O-O 9.Qe2 Re8 10.e4 dxe4 11.Nxe4 Nxe4 12.Qxe4 f5
13.Qe2 g6 14.d5 exd5 15.Qxe8+ Qxe8 16.Rxe8+ Rxe8 17.Bh6 Bxf3 18.gxf3 Ne5
19.Be2 Nf7 20.Bd3 Nxh6 21.Kg2 Nf7 22.h4 h5 23.Kh3 Re7 24.Rg1 Kg7 25.Bxf5 Nh8
26.Bc2 Re2 27.Bd1 Rxf2 28.Rg2 Rxg2 29.Kxg2 Nf7 30.b3 b5 31.a4 c5 32.Be2 bxa4
33.bxa4 a5 34.Kf2 d4 35.c4 Kf6 36.Bd3 g5 37.hxg5+ Kxg5 38.Kg2 Ne5 39.Be2 d3
40.f4+ Kxf4 41.Bxh5 Nxc4 0-1

[Event "Tournoi Ouvert de Gatineau (C)"]
[Site "Gatineau"]
[Date "2015.03.??"]
[Round "4"]
[White "Simard, Paul"]
[Black "Dupont-Mageau, Nicolas"]
[Result "0-1"]
[BlackElo "1267"]
[ECO "A03"]
[EventDate "2015.??.??"]
[TimeControl "1500"]
[WhiteElo "1137"]

{ 512MB, Rybka3.ctg, Valo-PC } 1.f4 d5 2.e3 c5 3.Nf3 Nc6 4.Bb5 Qc7 5.b3 Nf6
6.Bb2 Bf5 7.O-O e6 8.Ne5 a6 9.Bxc6+ bxc6 10.a4 Be7 11.h3 O-O 12.Nc3 Ne4
13.Ne2 f6 14.Nd3 Rab8 15.Ba3 c4 16.bxc4 dxc4 17.Nf2 Bxa3 18.Rxa3 Qd6 19.Nxe4
Qxa3 20.N4g3 Qxa4 21.Nd4 Rb2 22.Ngxf5 exf5 23.c3 Qxd1 24.Rxd1 Rd8 25.Nxf5
Rdxd2 26.Ne7+ Kf7 27.Rxd2 Rxd2 28.Nxc6 Rd3 29.Nb4 Rxc3 30.Nxa6 Rxe3 31.Nc5 c3
32.Kf2 c2 33.Kxe3 c1=Q+ 34.Kd4 Qg1+ 35.Kd5 Qxg2+ 36.Ne4 Qxh3 37.Kd6 Qe6+
0-1

[Event "Tournoi Ouvert de Gatineau (C)"]
[Site "Gatineau"]
[Date "2015.03.??"]
[Round "4"]
[White "Peters, Romy"]
[Black "Carroll, Billy"]
[Result "1-0"]
[BlackElo "1375"]
[ECO "A41"]
[EventDate "2015.??.??"]
[TimeControl "1500"]
[WhiteElo "1592"]

{ 512MB, Rybka3.ctg, Valo-PC } 1.d4 d6 2.Nf3 f6 3.e3 Bf5 4.c4 Nc6 5.Nc3 e5
6.Nh4 Bd7 7.Qh5+ g6 8.Nxg6 hxg6 9.Qxh8 Nh6 10.e4 Nf7 11.Qh4 Nxd4 12.Bd3 g5
13.Qg3 a6 14.Be3 c6 15.O-O b5 16.cxb5 axb5 17.Bxd4 exd4 18.Ne2 c5 19.b3 Ne5
20.Bb1 Qa5 21.f4 gxf4 22.Nxf4 Qc3 23.Qxc3 dxc3 24.Nd5 b4 25.Nc7+ Ke7 26.Nxa8
Ng4 27.Bd3 Ne3 28.Rf2 Bh6 29.Nb6 Ng4 30.Nd5+ Kf7 31.Rff1 Bc6 32.h3 Bxd5
33.hxg4 Be6 34.Bc4 Bxc4 35.bxc4 c2 36.Kf2 Ke6 37.Ke2 Ke5 38.Kd3 c1=Q 39.Raxc1
Bxc1 40.Rxc1 Kf4 41.Rf1+ 1-0

[Event "Tournoi Ouvert de Gatineau (C)"]
[Site "Gatineau"]
[Date "2015.03.??"]
[Round "5"]
[White "St-Pierre, Paul"]
[Black "Ménard, Marc"]
[Result "1-0"]
[BlackElo "1467"]
[ECO "E20"]
[EventDate "2015.??.??"]
[TimeControl "1500"]
[WhiteElo "1577"]

{ 512MB, Rybka3.ctg, Valo-PC } 1.d4 Nf6 2.c4 e6 3.Nc3 Be7 4.e3 O-O 5.Bd3 d5
6.Nf3 dxc4 7.Bxc4 c5 8.O-O Nc6 9.b3 a6 10.Ne5 Qc7 11.Nxc6 Qxc6 12.d5 exd5
13.Nxd5 Re8 14.Bb2 Bg4 15.f3 Bh5 16.Rf2 Rad8 17.Nxe7+ 1-0

[Event "Tournoi Ouvert de Gatineau (C)"]
[Site "Gatineau"]
[Date "2015.03.??"]
[Round "5"]
[White "Poirier, Alexis"]
[Black "Sabourin, Yves"]
[Result "1-0"]
[BlackElo "1447"]
[ECO "B32"]
[EventDate "2015.??.??"]
[TimeControl "1500"]
[WhiteElo "1536"]

{ 512MB, Rybka3.ctg, Valo-PC } 1.e4 c5 2.Nf3 Nc6 3.d4 e6 4.d5 exd5 5.exd5 Nb8
6.d6 Qf6 7.Qe2+ Qe6 8.Bf4 Nf6 9.Nc3 a6 10.Na4 Nd5 11.Bg3 b5 12.Nxc5 Qxe2+
13.Bxe2 f5 14.O-O-O Nb4 15.a3 N4c6 16.Bd3 g6 17.Ng5 Bh6 18.Rhe1+ Kf8 19.Bf4
Bxg5 20.Bxg5 Kf7 21.f4 Ra7 22.Re2 Re8 23.Rxe8 Kxe8 24.Re1+ Kf7 25.a4 b4
26.Bc4+ Kg7 27.Re7+ 1-0

[Event "Tournoi Ouvert de Gatineau (C)"]
[Site "Gatineau"]
[Date "2015.03.??"]
[Round "5"]
[White "Simard, Paul"]
[Black "Gangolli, Rahul"]
[Result "0-1"]
[BlackElo "973"]
[ECO "A03"]
[EventDate "2015.??.??"]
[TimeControl "1500"]
[WhiteElo "1137"]

{ 512MB, Rybka3.ctg, Valo-PC } 1.f4 d5 2.e3 Nf6 3.Nf3 Nbd7 4.b3 e6 5.Bb2 Bd6
6.Be2 O-O 7.O-O Re8 8.Nd4 c6 9.d3 a6 10.Nd2 c5 11.N4f3 e5 12.c4 d4 13.Ne4
Nxe4 14.dxe4 Nf6 15.exd4 cxd4 16.fxe5 Bxe5 17.Nxe5 Rxe5 18.Bxd4 Rxe4 19.Bxf6
Qb6+ 20.Kh1 Qxf6 21.Qd3 Qc6 22.Bf3 Bf5 23.Bxe4 Bxe4 24.Qg3 Kf8 25.Rad1 Ke7
26.Rfe1 Qe6 27.Qc7+ Kf8 0-1

[Event "Tournoi Ouvert de Gatineau (C)"]
[Site "Gatineau"]
[Date "2015.03.??"]
[Round "5"]
[White "Masse-Garneau, Anthony"]
[Black "Sabourin, Sébastien"]
[Result "0-1"]
[BlackElo "1353"]
[ECO "D35"]
[EventDate "2015.??.??"]
[TimeControl "1500"]
[WhiteElo "1115"]

{ 512MB, Rybka3.ctg, Valo-PC } 1.d4 d5 2.c4 c6 3.Nc3 Nf6 4.Bg5 e6 5.cxd5 exd5
6.Nf3 h6 7.Bh4 Bd6 8.e3 Bg4 9.Be2 Nbd7 10.Qc2 Qc7 11.O-O-O b5 12.h3 Bh5 13.e4
Bf4+ 14.Kb1 b4 15.e5 bxc3 16.exf6 Nxf6 17.Bxf6 gxf6 18.Qxc3 O-O 19.Rhe1 Bg6+
20.Ka1 a5 21.Bd3 Bd6 22.Bxg6 fxg6 23.a3 Rab8 24.Qd3 Kg7 25.Nh4 f5 26.g4 Qf7
27.gxf5 gxf5 28.Qa6 Qb7 29.Qxb7+ Rxb7 30.Re8 Kf6 31.Rxf8+ Bxf8 32.f4 Rb3
33.Rc1 Rb6 34.Kb1 Bxa3 35.Rxc6+ Rxc6 36.bxa3 Rc3 0-1

[Event "Tournoi Ouvert de Gatineau (C)"]
[Site "Gatineau"]
[Date "2015.03.??"]
[Round "5"]
[White "Lemieux, Serge"]
[Black "Latreille, Étienne"]
[Result "1/2-1/2"]
[BlackElo "1365"]
[ECO "D00"]
[EventDate "2015.??.??"]
[TimeControl "1500"]
[WhiteElo "1545"]

{ 512MB, Rybka3.ctg, Valo-PC } 1.d4 d5 2.e3 Nf6 3.Bd3 g6 4.Nd2 Nc6 5.f4 Bg7
6.c3 Bf5 7.Bxf5 gxf5 8.Ngf3 e6 9.b4 a6 10.a4 Rg8 11.Ne5 Nxe5 12.dxe5 Ne4
13.Nxe4 dxe4 14.Qxd8+ Rxd8 15.Bd2 f6 16.exf6 Bxf6 17.g3 Rg7 18.Ke2 Rgd7
19.Rhd1 h5 20.h4 b6 21.Be1 Rxd1 22.Rxd1 Rxd1 23.Kxd1 Kd7 24.Kc2 b5 25.axb5
axb5 26.Kb3 Kd6 27.c4 c6 28.c5+ Kd5 29.Bc3 Bxc3 30.Kxc3 e5 1/2-1/2

[Event "Tournoi Ouvert de Gatineau (C)"]
[Site "Gatineau"]
[Date "2015.03.??"]
[Round "5"]
[White "Dupont-Mageau, Nicolas"]
[Black "Peters, Romy"]
[Result "1-0"]
[BlackElo "1592"]
[ECO "C10"]
[EventDate "2015.??.??"]
[TimeControl "1500"]
[WhiteElo "1267"]

{ 512MB, Rybka3.ctg, Valo-PC } 1.e4 e6 2.d4 d5 3.Nc3 dxe4 4.Nxe4 Nd7 5.Nf3
Ngf6 6.Bg5 Be7 7.Bd3 Nxe4 8.Bxe7 Qxe7 9.Bxe4 Qb4+ 10.Qd2 Qxb2 11.O-O Qa3
12.Qf4 Qd6 13.Qg5 O-O 14.Qh4 f5 15.Bd3 Nf6 16.h3 h6 17.g4 Qd5 18.Ne5 Qxd4
19.Ng6 Re8 20.Kh2 Kf7 21.Rg1 c5 22.gxf5 Qxh4 23.fxe6+ Bxe6 24.Nxh4 Kg8 25.Nf5
Bxf5 26.Bxf5 Re5 27.Bd3 Rae8 28.Bc4+ Kf8 29.Rab1 b6 30.Rg3 Ne4 31.Rf3+ Nf6
32.Ra3 R8e7 33.Rd1 Re4 34.Rd8+ Ne8 35.Bb5 Kf7 36.Bxe8+ Rxe8 37.Rd7+ R4e7
38.Raxa7 Rxd7 39.Rxd7+ Re7 40.Rxe7+ Kxe7 41.Kg3 Ke6 42.Kf4 Kd5 43.Kf5 g5
44.Kg6 Kc4 45.Kxh6 Kc3 46.Kxg5 Kxc2 47.f4 Kb2 48.f5 c4 49.f6 c3 50.f7 c2
51.f8=Q c1=Q+ 52.Qf4 Qc5+ 53.Kg4 Kxa2 54.Qd2+ Ka3 55.Qd3+ Ka4 56.Qd1+ Kb5
57.Qb1+ Kc6 58.Qg6+ Kb7 59.Qf7+ Ka6 60.Qa2+ Qa5 61.Qc4+ b5 62.Qc6+ Qb6
63.Qa8+ Qa7 64.Qxa7+ Kxa7 65.Kf3 Ka6 66.Ke3 Kb6 67.h4 b4 68.Kd2 Kc6 69.h5 b3
70.Kc3 Kd6 71.h6 Ke7 72.h7 1-0